Map: Abyssal Reef LE

Players

SEiSHiN

  • Race: Protoss Protoss
  • League: Platinum
  • Spawn Location: 5:00

IceCream - Winner!

  • Race: Protoss Protoss
  • Spawn Location: 11:00

VOD

Have the link to the VOD?

Description

Time

  • Played on: Sept. 15, 2017, 10:23 a.m.
  • Length: 10:18
Show
View Real Time Build Order
Export as new Build Order

SEiSHiN Protoss 

Build Orders:  

Get SALT Encoding   

  12  0:01  Probe (Chrono Boost)  
  13  0:11  Probe (Chrono Boost)  
  14  0:17  Pylon  
  14  0:22  Probe (Chrono Boost)  
  15  0:35  Probe (Chrono Boost)  
  16  0:38  Gateway  
  16  0:43  Assimilator  
  16  0:46  Probe (Chrono Boost)  
  17  0:52  Assimilator  
  18  0:57  Probe (Chrono Boost)  
  18  1:07  Probe (Chrono Boost)  
  19  1:11  Gateway  
  19  1:18  Probe (Chrono Boost)  
  20  1:27  Cybernetics Core  
  20  1:29  Probe (Chrono Boost)  
  21  1:35  Pylon  
  22  1:40  Probe (Chrono Boost)  
  22  1:54  Probe (Chrono Boost)  
  23  2:05  Mothership Core (Chrono Boost)  
  29  2:19  Nexus  
  25  2:25  Probe (Chrono Boost)  
  25  2:27  Warp Gate (Chrono Boost)  
  26  2:35  Stalker  
  26  2:37  Probe  
  29  2:42  Stalker  
  31  2:50  Pylon  
  31  3:17  Probe  
  32  3:28  Twilight Council  
  32  3:30  Probe  
  32  3:32  Probe  
  34  3:41  Probe  
  34  3:44  Probe  
  34  3:45  Pylon  
  36  3:52  Probe  
  37  3:56  Probe  
  37  4:02  Probe  
  38  4:06  Blink (Chrono Boost)  
  38  4:08  Probe  
  40  4:13  Robotics Facility  
  40  4:20  Probe  
  40  4:21  Probe  
  42  4:27  Sentry  
  42  4:28  Sentry  
  42  4:30  Probe  
  46  4:33  Probe  
  46  4:38  Assimilator  
  48  4:44  Gateway x2  
  48  4:57  Gateway, Probe  
  48  4:59  Probe  
  50  5:01  Stalker  
  50  5:02  Stalker  
  50  5:03  Gateway  
  54  5:12  Probe  
  56  5:14  Warp Prism  
  58  5:27  Stalker x2  
  61  5:36  Pylon  
  61  5:38  Pylon  
  61  5:39  Pylon  
  61  5:58  Stalker x4  
  61  5:59  Stalker  
  71  6:21  Stalker x4  
  71  6:22  Stalker  
  51  7:13  Probe  
  51  7:15  Probe  
  45  7:16  Stalker x5  
  55  7:30  Assimilator, Stalker  
  55  7:33  Nexus  
  55  7:34  Pylon, Warp Prism (Chrono Boost)  
  59  7:37  Pylon  
  59  7:57  Stalker x3  
  59  7:58  Stalker x3  
  71  8:07  Dark Shrine  
  71  8:16  Probe  
  71  8:17  Probe  
  73  8:28  Pylon  
  73  8:34  Forge  
  73  8:35  Forge  
  73  8:39  Stalker x5  
  73  8:40  Stalker  
  83  9:14  Sentry x2  
  83  9:16  Stalker  
  87  9:18  Stalker x2  
  87  9:19  Stalker  
  69  9:41  Stalker x5  
  69  9:42  Stalker  
  47  10:07  Stalker x4  
  47  10:08  Stalker x2  
Show
View Real Time Build Order
Export as new Build Order

IceCream Protoss - Winner!

Build Orders:  

Get SALT Encoding   

  12  0:01  Probe (Chrono Boost)  
  13  0:12  Probe (Chrono Boost)  
  14  0:18  Pylon  
  14  0:25  Probe (Chrono Boost)  
  15  0:37  Gateway  
  15  0:39  Probe (Chrono Boost)  
  16  0:46  Assimilator  
  16  1:01  Pylon  
  16  1:04  Probe (Chrono Boost)  
  17  1:14  Probe (Chrono Boost)  
  17  1:16  Assimilator  
  18  1:25  Probe (Chrono Boost)  
  19  1:28  Zealot, Cybernetics Core  
  21  1:35  Probe (Chrono Boost)  
  22  1:46  Probe (Chrono Boost)  
  23  1:54  Gateway  
  23  1:56  Probe (Chrono Boost)  
  24  2:12  Twilight Council  
  24  2:14  Warp Gate (Chrono Boost)  
  24  2:27  Probe  
  25  2:49  Sentry  
  25  2:50  Sentry  
  30  2:53  Nexus  
  30  2:55  Pylon  
  29  3:14  Gateway  
  29  3:23  Assimilator  
  29  3:39  Pylon  
  29  3:40  Mothership Core  
  31  3:46  Gateway  
  31  3:47  Gateway  
  31  3:55  Robotics Facility  
  31  4:05  Blink (Chrono Boost)  
  31  4:06  Probe  
  32  4:20  Probe  
  33  4:30  Probe  
  34  4:41  Probe  
  34  4:43  Immortal  
  39  4:51  Probe  
  39  4:52  Assimilator  
  40  5:02  Probe  
  41  5:12  Probe  
  42  5:22  Immortal (Chrono Boost)  
  42  5:23  Probe  
  47  5:32  Stalker x2  
  47  5:33  Probe  
  52  5:37  Stalker  
  54  5:44  Probe  
  55  5:55  Probe  
  55  5:56  Pylon  
  56  6:04  Pylon  
  56  6:05  Probe  
  57  6:12  Stalker  
  57  6:13  Stalker  
  57  6:16  Stalker, Probe  
  64  6:19  Sentry  
  66  6:26  Probe  
  67  6:33  Immortal (Chrono Boost)  
  67  6:37  Probe  
  64  7:03  Stalker  
  64  7:04  Stalker  
  64  7:05  Stalker  
  64  7:18  Nexus  
  64  7:21  Stalker x2  
  68  7:33  Gateway  
  68  7:37  Pylon, Probe  
  69  7:47  Probe  
  68  7:58  Probe  
  68  7:59  Sentry x2, Stalker  
  68  8:00  Stalker  
  68  8:04  Pylon  
  77  8:08  Probe  
  77  8:10  Pylon  
  78  8:21  Probe  
  78  8:24  Stalker x2  
  78  8:25  Stalker  
  85  8:29  Probe  
  85  8:31  Pylon  
  86  8:40  Probe  
  86  8:41  Pylon  
  87  8:50  Probe  
  87  8:51  Probe  
  89  8:56  Stalker  
  89  8:57  Stalker x2  
  89  9:01  Probe  
  89  9:02  Probe  
  97  9:11  Probe  
  97  9:14  Stalker  
  97  9:15  Sentry, Stalker  
  104  9:22  Probe  
  103  9:32  Probe  
  88  9:50  Stalker x2  
  88  9:51  Stalker x3  
  88  9:52  Stalker  
Tags
 
League
Platinum
Matchup
PvP
Spawn Locations
Cross Positions
Add a new tag
Caveats
  • Supply blocks, unpowered buildings, or Contaminate may cause inaccurate times.
  • Supply counts are checked every 10 seconds.